General information
- name: BNet
- type: Ladder team game (AT/RT)
- host: Battle.net
- saver: HEILHITL1ER
map: GolemsInTheMist
- players: 8
- length: 23:16
- speed: Fast
- version: 1.26 W3XP
- replay type: Public
» download(142 KB)
Players
team 1 (loser)
GonnaTKthenAFK (
pink | 45 APM | 1036 actions | 23:14)
1 Warden
1 Fan of Knives
» actions
| Build / train | 125 | |
| Enter build submenu | 118 | |
| Enter hero's abilities submenu | 1 | |
| Right click | 294 | |
| Select / deselect | 315 | |
| Use ability | 183 | |
1036 total
» units
| Wisp | 118 | |
| Necromancer | 3 | |
| Wind Rider | 1 | |
122 total
» upgrades
» buildings
| Moon Well | 2 | |
| Hunter's Hall | 2 | |
| Ancient Protector | 106 | |
| Altar of Elders | 1 | |
| Tree of Life | 1 | |
112 total
» build order
00:18 Moon Well
00:41 Hunter's Hall
02:05 Ancient Protector
02:07 Ancient Protector
02:27 Ancient Protector
02:45 Altar of Elders
02:59 Moon Well
05:38 Tree of Life
05:50 Ancient Protector
05:51 Ancient Protector
05:53 Ancient Protector
06:02 Ancient Protector
06:04 Ancient Protector
06:06 Ancient Protector
06:15 Ancient Protector
06:22 Ancient Protector
06:44 Ancient Protector
06:50 Ancient Protector
06:55 Ancient Protector
07:05 Ancient Protector
08:05 Ancient Protector
08:33 Ancient Protector
09:09 Ancient Protector
09:11 Ancient Protector
09:29 Ancient Protector
09:30 Ancient Protector
09:32 Ancient Protector
09:34 Ancient Protector
09:37 Ancient Protector
09:43 Ancient Protector
09:48 Ancient Protector
10:31 Ancient Protector
10:33 Ancient Protector
10:35 Ancient Protector
10:48 Ancient Protector
10:52 Ancient Protector
10:54 Ancient Protector
10:59 Ancient Protector
11:00 Ancient Protector
11:03 Ancient Protector
11:05 Ancient Protector
11:07 Ancient Protector
11:27 Ancient Protector
11:34 Ancient Protector
11:36 Ancient Protector
11:38 Ancient Protector
12:00 Ancient Protector
12:01 Ancient Protector
12:06 Ancient Protector
12:11 Ancient Protector
12:19 Ancient Protector
12:38 Ancient Protector
12:39 Ancient Protector
12:40 Ancient Protector
12:54 Ancient Protector
12:59 Ancient Protector
13:08 Ancient Protector
14:08 Ancient Protector
14:11 Ancient Protector
14:16 Ancient Protector
14:17 Ancient Protector
14:27 Ancient Protector
14:28 Ancient Protector
14:36 Ancient Protector
15:01 Ancient Protector
15:02 Ancient Protector
15:04 Ancient Protector
15:13 Ancient Protector
15:19 Ancient Protector
15:21 Ancient Protector
15:32 Ancient Protector
16:21 Ancient Protector
16:23 Ancient Protector
16:56 Ancient Protector
16:59 Ancient Protector
17:03 Ancient Protector
17:08 Ancient Protector
17:10 Ancient Protector
17:29 Ancient Protector
17:44 Ancient Protector
19:35 Ancient Protector
19:37 Ancient Protector
19:38 Ancient Protector
19:42 Ancient Protector
19:44 Ancient Protector
19:45 Ancient Protector
19:47 Ancient Protector
19:48 Ancient Protector
19:50 Ancient Protector
19:52 Ancient Protector
19:55 Ancient Protector
20:32 Ancient Protector
20:33 Ancient Protector
21:14 Ancient Protector
21:14 Ancient Protector
21:15 Ancient Protector
21:16 Ancient Protector
21:17 Ancient Protector
21:21 Ancient Protector
21:24 Ancient Protector
21:27 Ancient Protector
21:28 Ancient Protector
21:44 Ancient Protector
21:47 Ancient Protector
22:00 Ancient Protector
22:04 Ancient Protector
22:24 Ancient Protector
22:25 Ancient Protector
22:25 Ancient Protector
22:26 Ancient Protector
22:57 Hunter's Hall

»
dank_frank (
green | 23 APM | 398 actions | 17:08)
5 Blademaster
3 Wind Walk
2 Critical Strike
» actions
| Build / train | 41 | |
| Enter build submenu | 20 | |
| Enter hero's abilities submenu | 5 | |
| Remove unit from queue | 3 | |
| Right click | 151 | |
| Select / deselect | 134 | |
| Use ability | 44 | |
398 total
» units
| Peon | 10 | |
| Wisp | 1 | |
| Wind Rider | 13 | |
| Chimaera | 2 | |
| Raider | 3 | |
29 total
» upgrades
» buildings
| Altar of Storms | 1 | |
| Orc Burrow | 7 | |
| War Mill | 1 | |
| Voodoo Lounge | 1 | |
| Watch Tower | 5 | |
| Stronghold | 1 | |
| Beastiary | 2 | |
| Chimaera Roost | 2 | |
| Ancient of Wind | 1 | |
| Moon Well | 1 | |
22 total
» build order
00:16 Altar of Storms
00:19 Orc Burrow
00:49 War Mill
01:06 Voodoo Lounge
01:32 Orc Burrow
02:24 Watch Tower
02:30 Watch Tower
03:05 Watch Tower
03:41 Watch Tower
04:51 Stronghold
04:58 Watch Tower
06:20 Orc Burrow
07:29 Beastiary
07:33 Orc Burrow
07:37 Beastiary
09:16 Orc Burrow
09:17 Orc Burrow
10:01 Chimaera Roost
10:13 Chimaera Roost
10:35 Orc Burrow
11:56 Ancient of Wind
12:00 Moon Well
» items
its_hypnotic (
teal | 33 APM | 266 actions | 08:08)
2 Demon Hunter
1 Mana Burn
1 Immolation
» actions
| Basic commands | 2 | |
| Build / train | 25 | |
| Enter build submenu | 17 | |
| Enter hero's abilities submenu | 2 | |
| Right click | 78 | |
| Select / deselect | 110 | |
| Use ability | 32 | |
266 total
» units
» buildings
| Altar of Elders | 1 | |
| Moon Well | 4 | |
| Ancient of War | 1 | |
| Hunter's Hall | 1 | |
| Ancient of Wonders | 1 | |
| Ancient Protector | 3 | |
| Tree of Ages | 1 | |
| Tree of Life | 1 | |
| Tree of Eternity | 1 | |
| Ancient of Wind | 3 | |
17 total
» build order
00:22 Altar of Elders
00:47 Moon Well
00:51 Ancient of War
01:48 Moon Well
02:17 Hunter's Hall
02:48 Moon Well
03:00 Ancient of Wonders
03:24 Ancient Protector
03:40 Tree of Ages
03:44 Moon Well
06:07 Tree of Life
06:19 Tree of Eternity
06:23 Ancient of Wind
06:28 Ancient of Wind
06:34 Ancient of Wind
06:57 Ancient Protector
06:57 Ancient Protector
» items
| Moonstone | 1 | |
| Lesser Clarity Potion | 1 | |
2 total

»
Dreamlo (
purple | 91 APM | 1568 actions | 17:12)
3 Death Knight
2 Death Coil
1 Unholy Aura
1 Dreadlord
1 Sleep
1 Demon Hunter
1 Mana Burn
» actions
| Assign group hotkey | 11 | |
| Basic commands | 41 | |
| Build / train | 117 | |
| ESC pressed | 7 | |
| Enter build submenu | 19 | |
| Enter hero's abilities submenu | 5 | |
| Remove unit from queue | 6 | |
| Right click | 853 | |
| Select / deselect | 276 | |
| Select group hotkey | 174 | |
| Use ability | 59 | |
1568 total
» units
| Acolyte | 2 | |
| Ghoul | 5 | |
| Crypt Fiend | 18 | |
| Archer | 7 | |
| Hippogryph | 1 | |
| Wisp | 6 | |
| Abomination | 8 | |
| Necromancer | 3 | |
| Chimaera | 6 | |
56 total
» upgrades
| Creature Attack | 1 | |
| Web | 1 | |
| Improved Bows | 1 | |
| Druid of the Talon Training | 3 | |
| Unholy Armor | 3 | |
| Skeletal Mastery | 1 | |
| Skeletal Longevity | 1 | |
| Marksmanship | 1 | |
| Strength of the Wild | 1 | |
| Disease Cloud | 1 | |
| Necromancer Training | 2 | |
| Corrosive Breath | 1 | |
17 total
» buildings
| Crypt | 1 | |
| Graveyard | 2 | |
| Ziggurat | 5 | |
| Altar of Darkness | 1 | |
| Tomb of Relics | 1 | |
| Nerubian Tower | 3 | |
| Spirit Tower | 2 | |
| Halls of the Dead | 1 | |
| Black Citadel | 2 | |
| Slaughterhouse | 2 | |
| Temple of the Damned | 2 | |
| Ancient of Wind | 1 | |
23 total
» build order
00:25 Crypt
00:32 Graveyard
00:35 Graveyard
00:56 Ziggurat
01:04 Altar of Darkness
01:42 Ziggurat
01:51 Tomb of Relics
02:43 Nerubian Tower
02:44 Nerubian Tower
04:06 Spirit Tower
04:24 Ziggurat
05:18 Halls of the Dead
07:17 Spirit Tower
07:55 Black Citadel
07:58 Slaughterhouse
09:47 Ziggurat
09:50 Ziggurat
10:25 Slaughterhouse
10:29 Temple of the Damned
10:33 Temple of the Damned
12:21 Ancient of Wind
» items
| Rod of Necromancy | 3 | |
| Dust of Appearance | 2 | |
| Scroll of Town Portal | 2 | |
| Potion of Healing | 2 | |
9 total
team 2 (winner)
HEILHITL1ER (
yellow | 93 APM | 2161 actions | 23:16)
8 Blademaster
3 Wind Walk
3 Critical Strike
1 Bladestorm
1 Mirror Image
» actions
| Assign group hotkey | 91 | |
| Basic commands | 45 | |
| Build / train | 117 | |
| ESC pressed | 8 | |
| Enter build submenu | 40 | |
| Enter hero's abilities submenu | 10 | |
| Give item / drop item | 1 | |
| Right click | 949 | |
| Select / deselect | 362 | |
| Select group hotkey | 395 | |
| Use ability | 143 | |
2161 total
» units
| Peon | 23 | |
| Grunt | 14 | |
| Goblin Shredder | 4 | |
| Troll Headhunter/Berserker | 5 | |
| Troll Batrider | 9 | |
| Demolisher | 8 | |
| Kodo Beast | 1 | |
64 total
» upgrades
| Pillage | 1 | |
| Armor | 3 | |
| Melee Weapons | 1 | |
| Berserker Strength | 1 | |
| Ranged Weapons | 4 | |
| Reinforced Defenses | 1 | |
| Berserker Upgrade | 1 | |
| Liquid Fire | 1 | |
| Envenomed Spears | 1 | |
| Troll Regeneration | 1 | |
| Backpack | 1 | |
| Burning Oil | 1 | |
| War Drums Damage Increase | 1 | |
| Ensnare | 1 | |
| Spiked Barricades | 1 | |
20 total
» buildings
| Altar of Storms | 1 | |
| Orc Burrow | 7 | |
| Barracks | 5 | |
| Voodoo Lounge | 1 | |
| War Mill | 1 | |
| Great Hall | 1 | |
| Watch Tower | 13 | |
| Stronghold | 3 | |
| Beastiary | 3 | |
| Fortress | 3 | |
38 total
» build order
00:10 Altar of Storms
00:13 Orc Burrow
00:42 Barracks
01:26 Orc Burrow
02:31 Voodoo Lounge
03:13 Orc Burrow
05:22 Orc Burrow
06:12 War Mill
06:43 Great Hall
07:42 Watch Tower
07:57 Stronghold
07:57 Stronghold
08:43 Watch Tower
08:51 Watch Tower
09:24 Watch Tower
09:58 Watch Tower
10:22 Beastiary
10:26 Beastiary
11:38 Fortress
11:39 Fortress
11:41 Beastiary
11:53 Watch Tower
11:59 Watch Tower
12:02 Watch Tower
12:05 Watch Tower
12:07 Watch Tower
12:10 Watch Tower
13:51 Watch Tower
13:53 Watch Tower
17:45 Barracks
17:45 Barracks
17:46 Barracks
17:48 Barracks
18:13 Orc Burrow
18:16 Orc Burrow
18:17 Orc Burrow
» items
| Healing Salve | 4 | |
| Lesser Clarity Potion | 2 | |
| Scroll of Town Portal | 1 | |
| Orb of Lightning | 2 | |
9 total

»
EvolutionIX (
red | 26 APM | 593 actions | 23:15)
6 Dreadlord
3 Vampiric Aura
2 Carrion Swarm
1 Inferno
5 Death Knight
2 Death Coil
2 Unholy Aura
1 Death Pact
» actions
| Assign group hotkey | 21 | |
| Build / train | 83 | |
| Enter build submenu | 18 | |
| Enter hero's abilities submenu | 11 | |
| Right click | 218 | |
| Select / deselect | 113 | |
| Select group hotkey | 87 | |
| Use ability | 42 | |
593 total
» units
| Acolyte | 7 | |
| Ghoul | 17 | |
| Crypt Fiend | 19 | |
| Frost Wyrm | 15 | |
58 total
» upgrades
| Cannibalize | 1 | |
| Creature Attack | 3 | |
| Unholy Strength | 1 | |
| Web | 1 | |
| Freezing Breath | 1 | |
7 total
» buildings
| Ziggurat | 8 | |
| Altar of Darkness | 1 | |
| Graveyard | 1 | |
| Crypt | 1 | |
| Tomb of Relics | 1 | |
| Halls of the Dead | 1 | |
| Black Citadel | 1 | |
| Nerubian Tower | 3 | |
| Sacrificial Pit | 1 | |
| Boneyard | 1 | |
19 total
» build order
00:08 Ziggurat
00:13 Altar of Darkness
00:30 Ziggurat
01:04 Graveyard
01:48 Crypt
01:57 Ziggurat
03:42 Tomb of Relics
04:54 Halls of the Dead
07:51 Black Citadel
08:28 Nerubian Tower
08:33 Ziggurat
08:34 Nerubian Tower
08:35 Nerubian Tower
08:39 Ziggurat
10:19 Sacrificial Pit
11:46 Boneyard
17:19 Ziggurat
18:20 Ziggurat
21:04 Ziggurat
HaWtCchiQenZ (
orange | 61 APM | 1415 actions | 23:15)
5 Far Seer
3 Feral Spirit
2 Chain Lighting
4 Shadow Hunter
2 Healing Wave
2 Hex
» actions
| Assign group hotkey | 99 | |
| Basic commands | 128 | |
| Build / train | 70 | |
| Enter build submenu | 19 | |
| Enter hero's abilities submenu | 9 | |
| Remove unit from queue | 2 | |
| Right click | 548 | |
| Select / deselect | 341 | |
| Select group hotkey | 136 | |
| Use ability | 63 | |
1415 total
» units
| Peon | 18 | |
| Troll Headhunter/Berserker | 17 | |
| Troll Witch Doctor | 4 | |
| Demolisher | 3 | |
42 total
» upgrades
| Ranged Weapons | 3 | |
| Armor | 3 | |
| Troll Regeneration | 1 | |
| Berserker Upgrade | 1 | |
| Witch Doctor Training | 2 | |
| Spiked Barricades | 1 | |
| Burning Oil | 1 | |
12 total
» buildings
| Altar of Storms | 1 | |
| Orc Burrow | 8 | |
| War Mill | 1 | |
| Barracks | 2 | |
| Voodoo Lounge | 1 | |
| Watch Tower | 5 | |
| Stronghold | 1 | |
| Great Hall | 1 | |
| Fortress | 1 | |
| Spirit Lodge | 1 | |
22 total
» build order
00:11 Altar of Storms
00:14 Orc Burrow
00:50 Orc Burrow
01:37 War Mill
02:12 Barracks
02:38 Barracks
02:46 Voodoo Lounge
03:42 Orc Burrow
04:21 Watch Tower
05:36 Stronghold
07:44 Great Hall
08:05 Fortress
08:12 Orc Burrow
09:52 Watch Tower
10:05 Orc Burrow
10:26 Watch Tower
11:20 Spirit Lodge
11:54 Watch Tower
11:55 Watch Tower
16:38 Orc Burrow
16:39 Orc Burrow
19:36 Orc Burrow
» items
lilweeziana (
blue | 40 APM | 935 actions | 23:15)
6 Blademaster
3 Wind Walk
2 Critical Strike
1 Bladestorm
» actions
| Assign group hotkey | 61 | |
| Basic commands | 6 | |
| Build / train | 59 | |
| ESC pressed | 2 | |
| Enter build submenu | 22 | |
| Enter hero's abilities submenu | 6 | |
| Remove unit from queue | 2 | |
| Right click | 388 | |
| Select / deselect | 205 | |
| Select group hotkey | 110 | |
| Use ability | 74 | |
935 total
» units
| Peon | 13 | |
| Grunt | 4 | |
| Troll Witch Doctor | 4 | |
| Shaman | 4 | |
| Tauren | 6 | |
| Demolisher | 5 | |
36 total
» upgrades
| Melee Weapons | 2 | |
| Armor | 1 | |
| Witch Doctor Training | 2 | |
| Shaman Training | 2 | |
| Envenomed Spears | 1 | |
| Pulverize | 1 | |
| Burning Oil | 1 | |
10 total
» buildings
| Barracks | 2 | |
| Altar of Storms | 1 | |
| Orc Burrow | 6 | |
| Stronghold | 1 | |
| Voodoo Lounge | 1 | |
| War Mill | 1 | |
| Fortress | 1 | |
| Beastiary | 2 | |
| Spirit Lodge | 2 | |
| Great Hall | 2 | |
| Tauren Totem | 1 | |
20 total
» build order
00:07 Barracks
00:13 Altar of Storms
00:25 Orc Burrow
01:25 Barracks
01:56 Orc Burrow
03:02 Orc Burrow
04:32 Stronghold
05:19 Voodoo Lounge
05:27 Orc Burrow
05:40 War Mill
07:28 Fortress
07:32 Beastiary
07:48 Beastiary
07:56 Spirit Lodge
08:01 Spirit Lodge
08:22 Great Hall
09:55 Tauren Totem
16:37 Great Hall
18:23 Orc Burrow
19:19 Orc Burrow
» items
| Healing Salve | 1 | |
| Potion of Healing | 1 | |
| Lesser Clarity Potion | 1 | |
3 total
Chat log
(00:03 / Allies) HaWtCchiQenZ: beserker doc
(00:31 / All) HEILHITL1ER: Look to the Führer and shout SIEG HEIL!
(00:48 / All) GonnaTKthenAFK: What a Fuher?
(01:06 / All) GonnaTKthenAFK: What does hitler mean?
(01:12 / All) HEILHITL1ER: A Führer is the leader of the Glorious Third Reich!
(01:12 / Allies) lilweeziana: adolf
(01:26 / All) GonnaTKthenAFK: Reich?
(01:35 / All) HEILHITL1ER: It is German for Kingdom!
(01:40 / Allies) HaWtCchiQenZ: loll
(01:42 / Allies) HaWtCchiQenZ: i think its funny
(01:44 / Allies) HaWtCchiQenZ: but makes me sad i luagh
(01:45 / All) GonnaTKthenAFK: Kingdom?
(01:56 / Allies) HaWtCchiQenZ: when like my whole moms sideo f her family was cutoff from genecide of jews
(01:57 / All) HEILHITL1ER: Yes, my dear! The Glorious Nazi Kingdom!
(02:01 / All) GonnaTKthenAFK: lol humans.
(05:49 / Allies) EvolutionIX: green is techer
(05:59 / Allies) HaWtCchiQenZ: lets hit something then
(06:03 / Allies) EvolutionIX: so is pink
(06:05 / Allies) HEILHITL1ER: also means we are safe to expo
(06:06 / Allies) EvolutionIX: we need to attack
(06:17 / Allies) HaWtCchiQenZ: expoing here
(06:19 / Allies) HaWtCchiQenZ: and towering this whole half
(06:20 / Allies) HaWtCchiQenZ: i think
(06:22 / Allies) HaWtCchiQenZ: since beserk are cheap
(06:39 / Allies) HaWtCchiQenZ: lets force tp
(06:40 / Allies) HaWtCchiQenZ: waste some gold
(06:49 / Allies) lilweeziana: red
(06:49 / Allies) lilweeziana: go down
(07:09 / Allies) HEILHITL1ER: no cancel, teal sucks
(07:14 / All) HEILHITL1ER: Die, Jewish night elf scum!
(07:15 / Allies) lilweeziana: b
(07:18 / All) HEILHITL1ER: To the camps with you!
(07:22 / Allies) lilweeziana: red b
(07:31 / All) GonnaTKthenAFK: lol he called you a camper
(07:39 / All) HaWtCchiQenZ: wtf
(08:01 / All) its_hypnotic: my team suck
(08:04 / All) its_hypnotic: sucks
(08:13 / All) GonnaTKthenAFK: No no no
(08:17 / All) HEILHITL1ER: ne straight tech whining at allies
(08:18 / All) GonnaTKthenAFK: I kill the bus driver
(08:19 / All) HEILHITL1ER: must be aj ew
(08:41 / Allies) lilweeziana: red
(08:43 / All) GonnaTKthenAFK: Yellow do you like niggers? I hate niggers
(08:46 / Allies) lilweeziana: we can kill purple
(08:48 / All) HEILHITL1ER: I hate niggers
(08:53 / All) GonnaTKthenAFK: Thank god
(08:57 / All) HEILHITL1ER: Hang niggers and gas Jews
(11:32 / Allies) HaWtCchiQenZ: flanking danigs
(11:38 / Allies) HaWtCchiQenZ: nvm
(12:14 / Allies) lilweeziana: we need aa
(12:23 / Allies) lilweeziana: red mass spideys
(12:24 / Allies) HEILHITL1ER: making bats and hhs
(13:01 / Allies) HaWtCchiQenZ: its the hero focus
(13:01 / Allies) HaWtCchiQenZ: so fast
(13:04 / Allies) HaWtCchiQenZ: my units rape his
(14:17 / All) HEILHITL1ER: Out with you, jew!
(14:24 / Allies) HaWtCchiQenZ: nvm
(14:26 / Allies) lilweeziana: red let's go
(14:33 / Allies) HaWtCchiQenZ: we all tehre
(15:39 / Allies) lilweeziana: re db
(15:45 / Allies) HaWtCchiQenZ: teal
(15:46 / Allies) HaWtCchiQenZ: no towers
(15:49 / Allies) HaWtCchiQenZ: and we acn finish him so he stops chimes
(16:17 / All) lilweeziana: pink???
(16:19 / Allies) EvolutionIX: CHIM
(16:27 / All) GonnaTKthenAFK: Yes? L:
(16:33 / All) lilweeziana: why?
(16:43 / All) GonnaTKthenAFK: idk I want oysters
(17:04 / All) Dreamlo: lol gg
(17:06 / All) HEILHITL1ER: Goodbye jews!
(17:13 / All) HEILHITL1ER: Mr. Hitler's Reich reigns #1!
(18:06 / All) EvolutionIX: leave its over ffs
(18:37 / Allies) HEILHITL1ER: I shall mass demolishers to kill this Jew
(18:42 / Allies) HaWtCchiQenZ: same
(18:47 / Allies) HaWtCchiQenZ: it will be autshiwts
(18:50 / Allies) HaWtCchiQenZ: or howeer u spell it
(18:54 / Allies) HEILHITL1ER: yes it will
(18:57 / Allies) HEILHITL1ER: auschwitz
(19:09 / Allies) HaWtCchiQenZ: even though id prob knock ur skinny ass out in real life
(19:12 / Allies) HaWtCchiQenZ: in video game u not bad
(19:19 / Allies) HEILHITL1ER: lol
(19:47 / Allies) lilweeziana: I'm building catapaults
(20:15 / All) EvolutionIX: leave douche-nipple
(20:52 / Allies) HaWtCchiQenZ: massive army
(21:28 / Allies) HaWtCchiQenZ: this is a site
(21:43 / All) lilweeziana: .....
(22:21 / Allies) lilweeziana: lmao
(22:22 / Allies) lilweeziana: my army died
(22:41 / Allies) lilweeziana: ...